 Dungeon Crawl Stone Soup version 0.28-a0-661-g144af121cd (webtiles) character file.

Game seed: 6527075584995032890

298 Ijustatesigmund the Fighter (level 6, -10/51 HPs)
             Began as a Gnoll Wanderer on Oct 14, 2021.
             Killed by an exploding orc (20 damage)
             ... ignited by their inner flame
             ... on level 4 of the Dungeon.
             The game lasted 00:06:58 (3243 turns).

Ijustatesigmund the Fighter (Gnoll Wanderer)        Turns: 3243, Time: 00:06:58

Health: -10/51     AC:  9    Str: 10      XL:     6   Next: 36%
Magic:  8/8        EV: 14    Int: 10 (11) God:
Gold:   180        SH:  0    Dex: 12 (15) Spells: 8/8 levels left

rFire   . . .      SeeInvis .   a - +4 dagger (vamp)
rCold   . . .      Faith    .   (no shield)
rNeg    . . .      Spirit   .   c - +2 leather armour
rPois   .          Reflect  .   j - +0 helmet
rElec   .          Harm     .   b - +0 cloak
rCorr   .          Rampage  .   (no gloves)
Will    .....                   l - +1 pair of boots
Stlth   ++........              k - amulet of the acrobat
HPRegen 0.17/turn               (no ring)
MPRegen 0.11/turn               (no ring)

@: no status effects
A: fangs 1, strong nose, distributed training, deterioration 1, frail 1
a: no special abilities


You were on level 4 of the Dungeon.
You visited 1 branch of the dungeon, and saw 4 of its levels.

You collected 180 gold pieces.

Inventory:

Hand Weapons
 a - a +4 vampiric dagger (weapon)
 e - a +4 short sword
Missiles
 d - 15 poisoned darts (quivered)
 g - a throwing net
Armour
 b - a +0 cloak (worn)
 c - a +2 leather armour (worn)
 j - a +0 helmet (worn)
 l - a +1 pair of boots (worn)
Jewellery
 k - an amulet of the acrobat (around neck)
Wands
 i - a wand of polymorph (4)


   Skills:
 + Level 8.7 Fighting
 + Level 1.9 Short Blades
 + Level 1.9 Long Blades
 + Level 1.9 Axes
 + Level 1.9 Maces & Flails
 + Level 1.9 Polearms
 + Level 1.9 Staves
 + Level 1.9 Slings
 + Level 1.9 Bows
 + Level 1.9 Crossbows
 + Level 1.9 Throwing
 + Level 1.9 Armour
 + Level 6.8 Dodging
 + Level 4.6 Stealth
 + Level 3.2 Shields
 + Level 1.9 Unarmed Combat
 + Level 1.9 Spellcasting
 + Level 1.5 Conjurations
 + Level 1.5 Hexes
 + Level 1.5 Summonings
 + Level 1.5 Necromancy
 + Level 1.5 Translocations
 + Level 1.5 Transmutations
 + Level 1.5 Fire Magic
 + Level 1.5 Ice Magic
 + Level 1.5 Air Magic
 + Level 1.5 Earth Magic
 + Level 1.5 Poison Magic
 + Level 2.1 Invocations
 + Level 1.9 Evocations


You had 8 spell levels left.
You didn't know any spells.
Your spell library contained the following spells:

 Spells                   Type           Power      Damage    Failure   Level
 Call Canine Familiar     Summ           4%         N/A       54%         3
 Portal Projectile        Hex/Tloc       8%         N/A       54%         3
 Leda's Liquefaction      Hex/Erth       2%         N/A       91%         4


Dungeon Overview and Level Annotations

Branches:
Dungeon (4/15)
 Temple: D:4-7

Altars:

Shops:
D:1 [


Innate Abilities, Weirdness & Mutations

You have very sharp teeth.
Your uncanny sense of smell can sniff out nearby items.
Your experience applies equally to all skills.
Your body sometimes deteriorates upon taking damage.
You are frail. (-10% HP)


Message History

The orc priest mumbles some strange prayers to Beogh against you.
Pain shoots through your body!
Your body deteriorates!
You feel clumsy.
The orc wizard hits you with a +0 dagger.
The orc closely misses you. The orc wizard barely misses you.
The orc barely misses you.
As you read the scroll labelled LALLOGI FUALOI, it crumbles to dust.
The creatures around you are filled with an inner flame!
It was a scroll of immolation.
The orc priest calls down the wrath of Beogh upon you.
You barely resist.
The orc wizard mumbles some strange words.
The orc wizard flickers and vanishes!
Deactivating autopickup; reactivate with Ctrl-A.
The orc hits you but does no damage.
The orc wizard gestures at you while chanting.
The puff of flame hits you!
* * * LOW HITPOINT WARNING * * *
Your body deteriorates!
You feel clumsy. The orc barely misses you.
You feel better.
The orc priest invokes the aid of Beogh against you.
Beogh smites you!
* * * LOW HITPOINT WARNING * * *
Your body deteriorates!
You feel clumsy. Something hits you.
* * * LOW HITPOINT WARNING * * *
The orc hits you but does no damage. The orc wizard closely misses you.
The orc misses you.
You hit the orc.
Flame seeps out of the orc.
You feel better.
The orc is heavily wounded.
The orc priest barely misses you. Something hits you but does no damage.
The orc closely misses you.
The orc wizard hits you but does no damage.
The orc is engulfed in blazing flames.
The orc explodes!
The fiery explosion engulfs the orc!!
The fiery explosion engulfs something!!
Reactivating autopickup.
You feel a bit more experienced. The fiery explosion engulfs you!!
You die...

#......'.........
###...##...##....
##########...#######
#............#.....#
#............#.....#
########.###..##....#
...#####.###..##...##
#.....#..#....o....#
#........#....§@o..#
#.........#.###○§.##
#..########## #J§.#
... .....# . .....#
......# ......#
#......#


You could see an orc priest (inner flame), an orc wizard (inner flame) and an
endoplasm (inner flame).

Vanquished Creatures
  A bullfrog (D:3)
  An iguana (D:4)
  Natasha (D:1)
  3 orc wizards
  Robin (D:1)
  3 adders (D:1)
  4 worms
  3 dart slugs
  4 orcs
  8 ball pythons
  7 bats
  2 endoplasms
  4 giant cockroaches
  16 goblins
  4 hobgoblins
  5 jackals
  8 kobolds
  A quokka (D:2)
  5 frilled lizards
  3 rats
84 creatures vanquished.

Notes
Turn   | Place    | Note
-------+----------+-------------------------------------------
     0 | D:1      | Ijustatesigmund the Gnoll Wanderer began the quest for the
                  | Orb.
     0 | D:1      | Ijustatesigmund set off with the following items: a +0
                  | spear, a potion of lignification, a +2 leather armour, a +0
                  | dagger
     0 | D:1      | Reached XP level 1. HP: 26/26 MP: 1/1
   196 | D:1      | Reached XP level 2. HP: 33/33 MP: 2/2
   320 | D:1      | Found a faded altar of an unknown god.
   515 | D:1      | Found Wuffuruu's Armour Shop.
   654 | D:2      | Noticed Natasha
   656 | D:2      | Noticed a crimson imp
   658 | D:2      | Noticed a crimson imp
   672 | D:1      | Reached XP level 3. HP: 25/38 MP: 2/4
   894 | D:1      | Reached skill level 1 in Invocations
   971 | D:1      | Reached skill level 1 in Short Blades
   971 | D:1      | Reached skill level 1 in Long Blades
   971 | D:1      | Reached skill level 1 in Axes
   971 | D:1      | Reached skill level 1 in Maces & Flails
   971 | D:1      | Reached skill level 1 in Polearms
   971 | D:1      | Reached skill level 1 in Staves
   971 | D:1      | Reached skill level 1 in Slings
   971 | D:1      | Reached skill level 1 in Bows
   971 | D:1      | Reached skill level 1 in Crossbows
   971 | D:1      | Reached skill level 1 in Throwing
   971 | D:1      | Reached skill level 1 in Armour
   971 | D:1      | Reached skill level 1 in Unarmed Combat
   971 | D:1      | Reached skill level 1 in Spellcasting
   971 | D:1      | Reached skill level 1 in Evocations
   971 | D:1      | Reached XP level 4. HP: 16/45 MP: 5/5
   974 | D:1      | Killed Natasha
  1414 | D:2      | Reached skill level 1 in Conjurations
  1414 | D:2      | Reached skill level 1 in Hexes
  1414 | D:2      | Reached skill level 1 in Summonings
  1414 | D:2      | Reached skill level 1 in Necromancy
  1414 | D:2      | Reached skill level 1 in Translocations
  1414 | D:2      | Reached skill level 1 in Transmutations
  1414 | D:2      | Reached skill level 1 in Fire Magic
  1414 | D:2      | Reached skill level 1 in Ice Magic
  1414 | D:2      | Reached skill level 1 in Air Magic
  1414 | D:2      | Reached skill level 1 in Earth Magic
  1414 | D:2      | Reached skill level 1 in Poison Magic
  1601 | D:2      | Noticed Robin
  1641 | D:1      | Killed Robin
  1745 | D:2      | Reached XP level 5. HP: 51/51 MP: 6/6
  2684 | D:3      | Reached XP level 6. HP: 50/57 MP: 8/8
  3051 | D:3      | Gained mutation: You are frail. (-10% HP) [potion of
                  | mutation]
  3051 | D:3      | Gained mutation: Your body sometimes deteriorates upon
                  | taking damage. [potion of mutation]
  3243 | D:4      | Killed by an exploding orc... ignited by their inner flame

Illustrated notes

Levels and vault maps discovered:
D:1:      psy_arrival_fountain, layout_basic, ebering_ecumenical_altar_webs,
          serial_shops, shop
D:2:      layout_rooms, kennysheep_generic_room_4, uniq_robin, uniq_natasha
D:3:      layout_loops_ring, minmay_misc_feat_room
D:4:      layout_gridville, old_standard_altar, uniq_edmund, uniq_pikel

Skill      XL: |  1  2  3  4  5 |
---------------+----------------+-----
Invocations    | 1 2 |  2.1
Short Blades   | 1 |  1.9
Long Blades    | 1 |  1.9
Axes           | 1 |  1.9
Maces & Flails | 1 |  1.9
Polearms       | 1 |  1.9
Staves         | 1 |  1.9
Slings         | 1 |  1.9
Bows           | 1 |  1.9
Crossbows      | 1 |  1.9
Throwing       | 1 |  1.9
Armour         | 1 |  1.9
Unarmed Combat | 1 |  1.9
Spellcasting   | 1 |  1.9
Evocations     | 1 |  1.9
Conjurations   | 1 |  1.5
Hexes          | 1 |  1.5
Summonings     | 1 |  1.5
Necromancy     | 1 |  1.5
Translocations | 1 |  1.5
Transmutations | 1 |  1.5
Fire Magic     | 1 |  1.5
Ice Magic      | 1 |  1.5
Air Magic      | 1 |  1.5
Earth Magic    | 1 |  1.5
Poison Magic   | 1 |  1.5
Shields        | 3 |  3.2
Fighting       | |  8.7
Dodging        | |  6.8
Stealth        | |  4.6

Action                   |  1- 3 |  4- 6 || total
-------------------------+-------+-------++-------
Melee: Spear             |    50 |       ||    50
       Bite              |     7 |    17 ||    24
       Short sword       |    36 |       ||    36
       Dagger            |    31 |   208 ||   239
       Unarmed           |       |     9 ||     9
       Punch             |       |     1 ||     1
Throw: Dart              |     1 |     9 ||    10
  Use: Scroll            |       |     6 ||     6
       Potion            |       |     3 ||     3
 Stab: Sleeping          |     5 |     7 ||    12
       Distracted        |     1 |     1 ||     2
Armor: Leather armour    |    40 |    62 ||   102
       Skin              |       |    24 ||    24
Dodge: Dodged            |   119 |   130 ||   249

Table legend: (Time is in decaauts)
 A = Elapsed time spent in this place.
 B = Non-inter-level travel time spent in this place.
 C = Inter-level travel time spent in this place.
 D = Time resting spent in this place.
 E = Time spent auto-exploring this place.
 F = Levels seen in this place.
 G = Mean time per level.
                   A        B        C        D        E       F      G
               +--------+--------+--------+--------+--------+-----+--------+
         Total |   3205 |   3105 |    100 |    778 |   1616 |   4 |  801.2 |
       Dungeon |   3205 |   3105 |    100 |    778 |   1616 |   4 |  801.2 |
               +--------+--------+--------+--------+--------+-----+--------+

Top non-repeatable levels by time:
     D:1: 1375 daAuts
     D:2: 968 daAuts
     D:3: 734 daAuts
     D:4: 127 daAuts
